 Dungeon Crawl Stone Soup version 0.28.0-45-g0d030f2227 (webtiles) character file.

Game seed: 13398245507038443225

105 MisterFreud the Covert (level 4, 0/41 HPs)
             Began as a Gnoll Delver on May 22, 2022.
             Killed from afar by a white imp (7 damage)
             ... with a puff of frost
             ... on level 6 of the Dungeon.
             The game lasted 00:00:32 (78 turns).

MisterFreud the Covert (Gnoll Delver)                 Turns: 78, Time: 00:00:33

Health: 0/41       AC:  3    Str: 12    XL:     4   Next: 83%
Magic:  5/5        EV: 13    Int: 11    God:
Gold:   0          SH:  0    Dex: 13    Spells: 5/5 levels left

rFire   . . .      SeeInvis .   a - +0 short sword
rCold   . . .      Faith    .   (no shield)
rNeg    . . .      Spirit   .   b - +0 leather armour
rPois   .          Reflect  .   (no helmet)
rElec   .          Harm     .   (no cloak)
rCorr   .          Rampage  .   (no gloves)
Will    .....                   (no boots)
Stlth   ++++......              (no amulet)
HPRegen 0.13/turn               (no ring)
MPRegen 0.09/turn               (no ring)

@: no status effects
A: fangs 1, strong nose, distributed training
a: no special abilities


You were on level 6 of the Dungeon.
You visited 1 branch of the dungeon, and saw 3 of its levels.

Inventory:

Hand Weapons
 a - a +0 short sword (weapon)
Armour
 b - a +0 leather armour (worn)
Wands
 g - a wand of digging (3)
Scrolls
 c - a scroll of fog
 d - a scroll of magic mapping
 e - a scroll of fear
Potions
 f - a potion of haste
 h - 2 potions of magic {unknown}


   Skills:
 + Level 6.6 Fighting
 + Level 4.7 Short Blades
 + Level 1.2 Long Blades
 + Level 1.2 Axes
 + Level 1.2 Maces & Flails
 + Level 1.2 Polearms
 + Level 1.2 Staves
 + Level 1.2 Slings
 + Level 1.2 Bows
 + Level 1.2 Crossbows
 + Level 1.2 Throwing
 + Level 1.2 Armour
 + Level 4.7 Dodging
 + Level 9.6 Stealth
 + Level 1.2 Shields
 + Level 1.2 Unarmed Combat
 + Level 1.2 Spellcasting
 + Level 1.0 Conjurations
 + Level 1.0 Hexes
 + Level 1.0 Summonings
 + Level 1.0 Necromancy
 + Level 1.0 Translocations
 + Level 1.0 Transmutations
 + Level 1.0 Fire Magic
 + Level 1.0 Ice Magic
 + Level 1.0 Air Magic
 + Level 1.0 Earth Magic
 + Level 1.0 Poison Magic
 + Level 1.4 Invocations
 + Level 1.2 Evocations


You had 5 spell levels left.
You didn't know any spells.
Your spell library was empty.

Dungeon Overview and Level Annotations

Branches:
Dungeon (7/15)
 Temple: D:4-7

Altars:


Innate Abilities, Weirdness & Mutations

You have very sharp teeth.
Your uncanny sense of smell can sniff out nearby items.
Your experience applies equally to all skills.


Message History

Your Poison Magic skill increases to level 1!
Your Invocations skill increases to level 1!
Your Evocations skill increases to level 1!
You have reached level 2!
You have reached level 3!
Your experience leads to an increase in your attributes!
Increase (S)trength, (I)ntelligence, or (D)exterity?
You feel clever. x2
You have reached level 4!
You feel stronger.
Unknown command.
Unknown command.
A howler monkey zombie comes into view.
Found a stone staircase leading down.
There is a stone staircase leading down here.
You climb downwards.
Found 2 glowing blue potions.
Found a stone staircase leading down.
There is a stone staircase leading up here.
Found a stone staircase leading up.
h - 2 glowing blue potions A centaur comes into view.
The centaur shouts!
The centaur wields a +0 shortbow.
The centaur shoots an arrow.
The arrow hits you!
The centaur shoots an arrow.
The arrow hits you!
Found a wand of digging (4).
The centaur shoots an arrow.
The arrow closely misses you.
The centaur shoots an arrow.
The arrow hits you.
There is a stone staircase leading up here.
The centaur shoots an arrow.
The arrow hits you!
* * * LOW HITPOINT WARNING * * *
You climb upwards.
Found 7 gold pieces.
There is a stone staircase leading down here.
You are too injured to fight recklessly!
You are too injured to fight recklessly!
The white imp shouts, "Fly, thou currish tip-merry lewdster!"
The white imp shouts!
You hear a croak.
The white imp gestures at you. The puff of frost hits you!
You die...

#######
##5....##
##@......##
#5$>......#
#.........#
#....$....#
#........8.
#..........
#.......8.8
#........8.
#..........


You could see 2 white imps.

Vanquished Creatures
  A water moccasin (D:6)
1 creature vanquished.

Notes
Turn   | Place    | Note
-------+----------+-------------------------------------------
     0 | D:5      | Reached skill level 9 in Stealth
     0 | D:5      | MisterFreud the Gnoll Delver began the quest for the Orb.
     0 | D:5      | Reached XP level 1. HP: 23/23 MP: 1/1
    30 | D:6      | Noticed a water moccasin
    33 | D:6      | Killed a water moccasin
    34 | D:6      | Reached skill level 1 in Long Blades
    34 | D:6      | Reached skill level 1 in Axes
    34 | D:6      | Reached skill level 1 in Maces & Flails
    34 | D:6      | Reached skill level 1 in Polearms
    34 | D:6      | Reached skill level 1 in Staves
    34 | D:6      | Reached skill level 1 in Slings
    34 | D:6      | Reached skill level 1 in Bows
    34 | D:6      | Reached skill level 1 in Crossbows
    34 | D:6      | Reached skill level 1 in Throwing
    34 | D:6      | Reached skill level 1 in Armour
    34 | D:6      | Reached skill level 1 in Shields
    34 | D:6      | Reached skill level 1 in Unarmed Combat
    34 | D:6      | Reached skill level 1 in Spellcasting
    34 | D:6      | Reached skill level 1 in Conjurations
    34 | D:6      | Reached skill level 1 in Hexes
    34 | D:6      | Reached skill level 1 in Summonings
    34 | D:6      | Reached skill level 1 in Necromancy
    34 | D:6      | Reached skill level 1 in Translocations
    34 | D:6      | Reached skill level 1 in Transmutations
    34 | D:6      | Reached skill level 1 in Fire Magic
    34 | D:6      | Reached skill level 1 in Ice Magic
    34 | D:6      | Reached skill level 1 in Air Magic
    34 | D:6      | Reached skill level 1 in Earth Magic
    34 | D:6      | Reached skill level 1 in Poison Magic
    34 | D:6      | Reached skill level 1 in Invocations
    34 | D:6      | Reached skill level 1 in Evocations
    34 | D:6      | Reached XP level 2. HP: 29/29 MP: 1/3
    34 | D:6      | Reached XP level 3. HP: 35/35 MP: 1/4
    34 | D:6      | Reached XP level 4. HP: 41/41 MP: 1/5
    71 | D:7      | Noticed a centaur
    78 | D:6      | Killed from afar by a white imp

Illustrated notes

Levels and vault maps discovered:
D:5:      layout_gridville, riverfiend_overflow_shadow_ancestor, serial_shops,
          shop_statue
D:6:      layout_rooms, yredelemnul_altar_generic, serial_undead,
          serial_undead_e, serial_undead_a, serial_undead_c, serial_undead_f,
          minmay_crossroads
D:7:      layout_basic, mainiacjoe_overflow_chevrons, lemuel_tele_altar,
          minmay_temple_entry_gardened_gates

Skill      XL: |  1 |
---------------+----+-----
Stealth        | |  9.6
Long Blades    | 1 |  1.2
Axes           | 1 |  1.2
Maces & Flails | 1 |  1.2
Polearms       | 1 |  1.2
Staves         | 1 |  1.2
Slings         | 1 |  1.2
Bows           | 1 |  1.2
Crossbows      | 1 |  1.2
Throwing       | 1 |  1.2
Armour         | 1 |  1.2
Shields        | 1 |  1.2
Unarmed Combat | 1 |  1.2
Spellcasting   | 1 |  1.2
Conjurations   | 1 |  1.0
Hexes          | 1 |  1.0
Summonings     | 1 |  1.0
Necromancy     | 1 |  1.0
Translocations | 1 |  1.0
Transmutations | 1 |  1.0
Fire Magic     | 1 |  1.0
Ice Magic      | 1 |  1.0
Air Magic      | 1 |  1.0
Earth Magic    | 1 |  1.0
Poison Magic   | 1 |  1.0
Invocations    | 1 |  1.4
Evocations     | 1 |  1.2
Fighting       | |  6.6
Short Blades   | |  4.7
Dodging        | |  4.7

Action                   |  1- 3 |  4- 6 || total
-------------------------+-------+-------++-------
Melee: Short sword       |     1 |       ||     1
 Stab: Sleeping          |     1 |       ||     1
Dodge: Dodged            |       |     1 ||     1
